 Dungeon Crawl Stone Soup version 0.27.1 (webtiles) character file.

Game seed: 5947391087537078707

65 WimpyRanger the Chopper (level 3, 0/31 HPs)
             Began as a Palentonga Chaos Knight on Aug 27, 2021.
             Was a Plaything of Xom.
             Succumbed to a killer bee's poison
             ... on level 1 of the Dungeon.
             The game lasted 00:02:07 (583 turns).

WimpyRanger the Chopper (Palentonga Chaos Knight)    Turns: 583, Time: 00:02:08

Health: 0/31       AC:  6    Str: 16    XL:     3   Next: 94%
Magic:  3/3        EV:  9    Int: 12    God:    Xom [..*...]
Gold:   18         SH:  0    Dex:  9    Spells: 2/2 levels left

rFire    . . .     SeeInvis +   a - +0 hand axe (chaos)
rCold    . . .     Faith    .   (no shield)
rNeg     . . .     Spirit   .   b - +2 leather armour
rPois    .         Reflect  .   (no helmet)
rElec    .         Harm     .   (no cloak)
rCorr    .         Rampage  .   (no gloves)
Will     .....                  (no barding)
Stlth    +.........             (no amulet)
HPRegen  0.10/turn              (no ring)
MPRegen  0.08/turn              (no ring)

@: lethally poisoned (0 -> -1), about to teleport
A: large, rugged brown scales 3, see invisible, deformed body, roll 1, armoured
tail
a: Rolling Charge, Renounce Religion


You were on level 1 of the Dungeon.
You worshipped Xom.
You were a toy of Xom.
You visited 1 branch of the dungeon, and saw 1 of its levels.

You collected 18 gold pieces.

Inventory:

Hand Weapons
 a - a +0 hand axe of chaos (weapon)
Armour
 b - a +2 leather armour (worn)
 g - a +0 scale mail


   Skills:
 - Level 3.4 Fighting
 + Level 4.3 Axes
 - Level 1.7 Armour
 - Level 1.0 Dodging


You had 2 spell levels left.
You didn't know any spells.
Your spell library contained the following spells:

 Spells                   Type           Power      Damage    Failure   Level
 Slow                     Hex            0%         N/A       52%         2
 Confusing Touch          Hex            0%         N/A       77%         3
 Vampiric Draining        Necr           0%         2d6       77%         3


Dungeon Overview and Level Annotations

Branches:
Dungeon (1/15)

Altars:

Shops:
D:1 :


Innate Abilities, Weirdness & Mutations

You are completely covered in rugged brown scales. (AC +3, +7% HP)
You have supernaturally acute eyesight. (SInv)
Armour fits poorly on your strangely shaped body.
You can roll at nearby foes to attack.
You have a long armoured tail.


Message History

You are too injured to fight recklessly!
Unknown command.
You hit the killer bee.
The killer bee is poisoned.
The killer bee is severely wounded.
You feel sick. The killer bee barely misses you. The killer bee stings you.
* * * LOW HITPOINT WARNING * * *
Unknown command.
You miss the killer bee.
The killer bee is almost dead.
* * * LOW HITPOINT WARNING * * *
You feel sick.
The killer bee stings you but does no damage.
The killer bee closely misses you.
Unknown command.
It was a potion of cancellation.
You feel magically purged.
Xom thinks this is hilarious!
* * * LOW HITPOINT WARNING * * *
You feel sick.
You kill the killer bee!
The bat completely misses you. The bat hits you but does no damage.
Your Axes skill increases to level 4!
You have reached level 3!
Your experience leads to an increase in your attributes!
Increase (S)trength, (I)ntelligence, or (D)exterity?
You feel stronger.
You aren't carrying any potions.
As you read the scroll labelled TEFFAZ KUASSIDD, it crumbles to dust.
You feel strangely unstable.
It was a scroll of teleportation.
* * * LOW HITPOINT WARNING * * *
You feel sick. The bat closely misses you.
As you read the scroll labelled JUWUSE LISYI, it crumbles to dust.
It is a scroll of amnesia.
You feel forgetful for a moment.
* * * LOW HITPOINT WARNING * * *
You feel sick. The rat bites you but does no damage.
As you read the scroll labelled QILUES UCSI, it crumbles to dust.
It is a scroll of identify.
You don't have any unidentified items.
You die...
Xom chortles!

####.....##.....(.#.######
.......###.####.#.......
.###......#.# #.......>.
###.##...# ##.......†
##..#...### ######...
#...b.....######...##
#...b.....##....(###
####.b..........##### #
.....b.@######.## #
######r## #... # ...
####.. # #.... ..# # #....
.# #.... # #.... #....


You could see a rat.

Vanquished Creatures
  A killer bee (D:1)
  4 ball pythons (D:1)
  2 bats (D:1)
  2 endoplasms (D:1)
  3 goblins (D:1)
  A hobgoblin (D:1)
  2 quokkas (D:1)
  A frilled lizard (D:1)
  2 kobolds (D:1)
  3 rats (D:1)
21 creatures vanquished.

Notes
Turn   | Place    | Note
-------+----------+-------------------------------------------
     0 | D:1      | WimpyRanger the Palentonga Chaos Knight began the quest for
                  | the Orb.
     0 | D:1      | Reached XP level 1. HP: 19/19 MP: 1/1
    21 | D:1      | Reached XP level 2. HP: 24/25 MP: 2/2
   116 | D:1      | Found Vyris's Book Shoppe.
   152 | D:1      | XOM: silly message
   218 | D:1      | Found a faded altar of an unknown god.
   515 | D:1      | XOM: silly message
   525 | D:1      | XOM: silly message
   572 | D:1      | Noticed a killer bee
   572 | D:1      | a bat changed into a killer bee
   572 | D:1      | XOM: polymorph bat -> killer bee
   577 | D:1      | Reached skill level 1 in Dodging
   577 | D:1      | XOM: butterfly on damage
   580 | D:1      | Killed a killer bee
   581 | D:1      | Reached skill level 4 in Axes
   581 | D:1      | Reached XP level 3. HP: 3/31 MP: 3/3
   582 | D:1      | HP: 1/31 [poisoned by a killer bee]
   583 | D:1      | Succumbed to a killer bee's poison

Illustrated notes

Levels and vault maps discovered:
D:1:      dpeg_arrival_more_subterranean_lakeside_camping, layout_rooms,
          serial_shops, nicolae_shop_statue_plus,
          hellmonk_ecumenical_altar_pennies_from_heaven

Skill      XL: |  1  2 |
---------------+-------+-----
Dodging        | 1 |  1.0
Axes           | 4 |  4.3
Fighting       | |  3.4
Armour         | |  1.7

Action                   || total
-------------------------++-------
Melee: Hand axe          ||    55
       Tailslap          ||     6
 Abil: Rolling Charge    ||     1
  Use: Potion            ||     1
       Scroll            ||     3
 Stab: Sleeping          ||     1
Armor: Leather armour    ||    29
Dodge: Dodged            ||    37
